 Dungeon Crawl Stone Soup version 0.29-a0-1006-g0dd7720b37 (webtiles) character file.

Game seed: 720110600447524933

155 quixfox the Digger (level 5, -1/31 HPs)
             Began as a Gargoyle Earth Elementalist on Aug 6, 2022.
             Slain by an ice beast (14 damage)
             ... on level 3 of the Dungeon.
             The game lasted 00:03:48 (3041 turns).

quixfox the Digger (Gargoyle Earth Elementalist)    Turns: 3041, Time: 00:03:49

Health: -1/31      AC:  8    Str: 12    XL:     5   Next: 37%
Magic:  8/9        EV: 11    Int: 17    God:
Gold:   182        SH:  0    Dex: 10    Spells: 4/10 levels left

rFire   . . .      SeeInvis .   s - +2 dagger (venom)
rCold   . . .      Faith    .   (no shield)
rNeg    + . .      Spirit   .   a - +0 robe
rPois   ∞          Reflect  .   d - +2 hat
rElec   +          Harm     .   (no cloak)
rCorr   .          Rampage  .   (no gloves)
Will    .....                   (no boots)
Stlth   ++........              (no amulet)
HPRegen 0.10/turn               (no ring)
MPRegen 0.11/turn               (no ring)

@: no status effects
A: sickness immunity, AC +4, negative energy resistance 1, electricity
resistance, torment resistance 1, petrification resistance
a: no special abilities


You were on level 3 of the Dungeon.
You visited 1 branch of the dungeon, and saw 3 of its levels.

You collected 182 gold pieces.

Inventory:

Hand Weapons
 s - a +2 dagger of venom (weapon)
Armour
 a - a +0 robe (worn)
 d - a +2 hat (worn)
Jewellery
 f - a ring of fire
Wands
 n - a wand of roots (6)
Scrolls
 e - a scroll of amnesia
 g - 3 scrolls of teleportation
 h - a scroll of vulnerability {unknown}
 k - 2 scrolls of noise {unknown}
 o - a scroll of immolation {unknown}
 p - a scroll of fear {unknown}
 q - a scroll of poison {unknown}
 r - a scroll of fog {unknown}
Potions
 b - a potion of magic
 c - a potion of might
 i - a potion of brilliance {unknown}
 j - a potion of ambrosia
 l - a potion of curing {unknown}
 m - a potion of cancellation {unknown}


   Skills:
 + Level 2.5 Fighting
 - Level 1.5 Dodging
 - Level 2.1 Stealth
 + Level 3.1 Spellcasting
 + Level 2.0 Conjurations
 - Level 0.7 Transmutations
 + Level 4.7 Earth Magic


You had 4 spell levels left.
You knew the following spells:

 Your Spells              Type           Power      Damage    Failure   Level
a - Sandblast             Erth           36%        2d10      2%          1
b - Passwall              Tmut/Erth      10%        N/A       9%          2
c - Stone Arrow           Conj/Erth      28%        3d8       13%         3

Your spell library contained the following spells:

 Spells                   Type           Power      Damage    Failure   Level
 Gell's Gravitas          Tloc           2%         N/A       45%         3
 Teleport Other           Tloc           2%         N/A       45%         3
 Petrify                  Tmut/Erth      12%        N/A       50%         4
 Leda's Liquefaction      Hex/Erth       5%         N/A       54%         4
 Hailstorm                Conj/Ice       6%         3d4       75%         4
 Summon Ice Beast         Ice/Summ       2%         N/A       86%         4
 Dispersal                Tloc           1%         N/A       100%        6


Dungeon Overview and Level Annotations

Branches:
Dungeon (3/15)

Altars:
Xom

Annotations:
D:3 1 runed translucent door, quixfox's ghost, amateur GrEE


Innate Abilities, Weirdness & Mutations

You are immune to sickness and miasma.
Your stone body is resilient. (AC +4)
You are immune to poison.
You resist negative energy. (rN+)
You are resistant to electric shocks. (rElec)
You are resistant to unholy torment.
You are immune to petrification.


Message History

The frilled lizard hisses angrily.
The blast of sand hits the adder!
The adder is almost dead.
The adder bites you but does no damage. x2
The blast of sand misses the adder.
The blast of sand misses the frilled lizard.
The adder bites you but does no damage. x2
The blast of sand hits the adder!
You kill the adder!
The frilled lizard barely misses you.
Your Conjurations skill increases to level 2!
The blast of sand hits the frilled lizard!
You kill the frilled lizard!
Quixfox's ghost turns its malevolent gaze towards you.
A rat and a goblin come into view.
Found a sling.
The goblin shouts!
The blast of sand hits the goblin.
You kill the goblin!
The rat barely misses you.
The blast of sand misses the rat.
The rat bites you but does no damage. The rat bites you.
The blast of sand hits the rat.
You kill the rat!
You can't see any susceptible monsters within range! (Use Z to cast anyway.)
Things that are here:
a +0 club; a rat corpse; a goblin corpse You see here a +0 sling.
t - a scroll of identify
As you read the scroll of identify, it crumbles to dust.
c - a potion of might An ice beast comes into view.
The ice beast attacks as you move away! The ice beast hits you.
The ice beast freezes you!
Aiming: Sandblast (safe; 2% risk of failure)
Press: ? - help, Q - select action, (/) - cycle Shift-Dir - straight line, f - ice beast
Aim: an ice beast (82% to hit)
The blast of sand hits the ice beast but does no damage.
The ice beast misses you. The ice beast hits you. The ice beast freezes you!
You die...

#............##W..
#.##.##.......##W.
#.##.#<........##⌠
#.##.#.#####....##
#.##.#.# #.#....
#.##.#.# #.##...
#.##.#.# #.###.#
#.##.#.#####.# #.#
#@# #..)..).# #.#
#Y##.######### #.#
#....# #.# ######
#.# #.# #.# #.#
#.# #.#


You could see an ice beast.

Vanquished Creatures
  2 orc priests (D:3)
  A gnoll (D:1)
  4 adders (D:3)
  A worm (D:2)
  3 orcs (D:3)
  5 endoplasms
  A giant cockroach (D:3)
  5 goblins
  3 hobgoblins
  2 quokkas (D:2)
  6 ball pythons
  3 bats
  6 frilled lizards
  3 kobolds (D:1)
  5 rats
50 creatures vanquished.

Notes
Turn   | Place    | Note
-------+----------+-------------------------------------------
     0 | D:1      | quixfox the Gargoyle Earth Elementalist began the quest for
                  | the Orb.
     0 | D:1      | Reached XP level 1. HP: 10/10 MP: 3/3
   112 | D:1      | Reached skill level 1 in Fighting
   112 | D:1      | Reached XP level 2. HP: 10/16 MP: 0/5
   368 | D:1      | Reached skill level 4 in Earth Magic
   651 | D:1      | Reached XP level 3. HP: 20/20 MP: 4/6
   654 | D:1      | Learned a level 2 spell: Passwall
   658 | D:1      | Learned a level 3 spell: Stone Arrow
   847 | D:1      | Found a faded altar of an unknown god.
  1329 | D:2      | Found a shimmering altar of Xom.
  1348 | D:2      | Got the Anthology of Glacial Grit
  2184 | D:3      | Noticed quixfox's ghost (amateur GrEE)
  2197 | D:3      | Found a runed translucent door.
  2209 | D:3      | Reached skill level 1 in Conjurations
  2254 | D:3      | Reached XP level 4. HP: 25/26 MP: 4/8
  2736 | D:3      | Reached XP level 5. HP: 31/31 MP: 7/9
  3038 | D:3      | Noticed an ice beast
  3041 | D:3      | Slain by an ice beast

Illustrated notes

Levels and vault maps discovered:
D:1:      onia_arrival_mini_maze_b, layout_loops_corners,
          basic_ecumenical_altar, nicolae_grassy_gnolls
D:2:      layout_basic, basic_altar
D:3:      layout_basic, hellmonk_ghost_happy_afterlife, minivault_4,
          hangedman_decor_slide_cut

Skill      XL: |  1  2  3  4  5 |
---------------+----------------+-----
Fighting       | 1 2 |  2.5
Earth Magic    | 4 |  4.7
Conjurations   | 1 2 |  2.0
Spellcasting   | 3 |  3.1
Dodging        | |  1.5
Stealth        | |  2.1
Transmutations | |  0.7

Action                   |  1- 3 |  4- 6 || total
-------------------------+-------+-------++-------
 Cast: Sandblast         |    53 |    26 ||    79
  Use: Scroll            |     3 |     2 ||     5
Armor: Robe              |    11 |     8 ||    19
Dodge: Dodged            |    10 |     9 ||    19

Table legend: (Time is in decaauts)
 A = Elapsed time spent in this place.
 B = Non-inter-level travel time spent in this place.
 C = Inter-level travel time spent in this place.
 D = Time resting spent in this place.
 E = Time spent auto-exploring this place.
 F = Levels seen in this place.
 G = Mean time per level.
                   A        B        C        D        E       F      G
               +--------+--------+--------+--------+--------+-----+--------+
         Total |   3118 |   3016 |    102 |    376 |   2288 |   3 | 1039.3 |
       Dungeon |   3118 |   3016 |    102 |    376 |   2288 |   3 | 1039.3 |
               +--------+--------+--------+--------+--------+-----+--------+

Top non-repeatable levels by time:
     D:1: 1308 daAuts
     D:3: 1007 daAuts
     D:2: 802 daAuts
